 Dungeon Crawl Stone Soup version 0.24-a0-582-g4d4af813a0 (webtiles) character file.

Game seed: 9529854400395521284

74 ElectroBlueGuy the Charlatan (level 3, 0/29 HPs)
             Began as a Demigod Artificer on Aug 27, 2019.
             Slain by a hound (2 damage)
             ... on level 4 of the Dungeon.
             The game lasted 00:12:10 (1768 turns).

ElectroBlueGuy the Charlatan (Demigod Artificer)    Turns: 1768, Time: 00:12:11

Health: 0/29       AC:  5    Str: 22    XL:     3   Next: 86%
Magic:  7/7        EV: 12    Int: 15    God:
Gold:   85         SH:  0    Dex: 16    Spells: 2/2 levels left

rFire    + . .     SeeInvis .   a - +0 spear
rCold    + . .     Gourm    .   (no shield)
rNeg     . . .     Faith    .   v - +0 ring mail
rPois    +         Spirit   .   (no helmet)
rElec    +         Reflect  .   (no cloak)
rCorr    +         Harm     .   (no gloves)
MR       .....                  (no boots)
Stlth    +.........             (no amulet)
HPRegen  0.09/turn              (no ring)
MPRegen  0.10/turn              (no ring)

@: mighty, resistant
A: high mp 1
a: no special abilities


You were on level 4 of the Dungeon.
You were hungry.

You visited 1 branch of the dungeon, and saw 3 of its levels.

You collected 85 gold pieces.

Inventory:

Hand Weapons
 a - a +0 spear (weapon)
 b - a +2 hunting sling of freezing
 l - a +0 hand axe
 m - a +0 short sword
Missiles
 h - 59 bolts
 j - 78 stones (quivered)
 k - 11 sling bullets
 s - 28 arrows
Armour
 i - a +0 leather armour
 v - a +0 ring mail (worn)
Wands
 c - a wand of flame (15)
 d - a wand of enslavement (14)
 e - a wand of random effects (15)
Scrolls
 q - a scroll of random uselessness {unknown}
 r - a scroll of fear {unknown}
 t - a scroll of teleportation {unknown}
 u - a scroll of remove curse {unknown}
Potions
 g - a potion of curing {unknown}
 o - a potion of experience {unknown}
Comestibles
 f - 4 rations


   Skills:
 + Level 1.7 Fighting
 - Level 1.1 Short Blades
 + Level 0.8 Polearms
 + Level 1.0 Slings
 + Level 2.3 Dodging
 + Level 1.6 Stealth
 + Level 3.0 Evocations


You had 2 spell levels left.
You didn't know any spells.
Your spell library was empty.

Dungeon Overview and Level Annotations

Branches:
Dungeon (2/15)


Innate Abilities, Weirdness & Mutations

You have an increased reservoir of magic. (+10% MP)


Message History

You closely miss the hound.
The hound is heavily wounded.
The hound barely misses you. The hound closely misses you.
You barely miss the hound.
The hound is heavily wounded.
The hound barely misses you. x2
You barely miss the hound.
The hound is heavily wounded.
The hound barely misses you.
You hit the hound.
The hound is severely wounded.
The hound closely misses you. The hound bites you but does no damage.
You barely miss the hound.
The hound is heavily wounded.
The hound bites you.
* * * LOW HITPOINT WARNING * * *
It was a potion of resistance.
You feel protected. The hound bites you.
You die...

..# #.# . #.# ####. ##
#.# #...###.# ##
#.######.##.#.# ##.#
#.##.........#
####...##.##.........###
+.....<.................
##...@h..#..##.#...###
##...#..#..##.##..#
##.[#..#..##.###.#
.......#......<..#
#.#..##.##.##.###.#
#.#..##.##........# .
......#####.##### ##
#### ## #.#######
#.##.....


You could see a hound.

Vanquished Creatures
  4 adders (D:2)
  An ooze (D:4)
  A worm (D:4)
  A dart slug (D:1)
  A leopard gecko (D:4)
  11 bats
  A giant cockroach (D:1)
  A goblin (D:1)
  3 hobgoblins
  2 frilled lizards (D:2)
  A kobold (D:1)
  A leopard gecko skeleton (D:4)
  4 rats
32 creatures vanquished.

Notes
Turn   | Place    | Note
-------+----------+-------------------------------------------
     0 | D:1      | ElectroBlueGuy the Demigod Artificer began the quest for
                  | the Orb.
     0 | D:1      | Reached XP level 1. HP: 15/15 MP: 5/5
    51 | D:1      | Reached skill level 1 in Fighting
    51 | D:1      | Reached skill level 1 in Short Blades
    51 | D:1      | Reached skill level 1 in Stealth
   568 | D:1      | Reached XP level 2. HP: 23/23 MP: 6/6
  1198 | D:2      | Reached XP level 3. HP: 28/28 MP: 7/7
  1259 | D:2      | Reached skill level 3 in Evocations
  1438 | D:2      | Reached skill level 1 in Slings
  1458 | D:2      | You fall into a shaft and drop 2 floors!
  1768 | D:4      | Slain by a hound

Levels and vault maps discovered:
D:1:      psy_arrival_statuary, layout_loops_ring
D:2:      layout_loops_ring, yredelemnul_altar_generic, uniq_terence
D:4:      layout_loops_corners, corexii_item_surrounded_by_moat

Skill      XL: |  1  2  3 |
---------------+----------+-----
Fighting       | 1 |  1.7
Short Blades   | 1 |  1.1
Stealth        | 1 |  1.6
Dodging        | 2 |  2.3
Evocations     | 3 |  3.0
Slings         | 1 |  1.0
Polearms       | |  0.8

Action                   || total
-------------------------++-------
Melee: Short sword       ||     9
       Spear             ||    37
 Fire: Hunting sling     ||    51
Evoke: Wand              ||     1
  Use: Potion            ||     2
  Eat: Chunk             ||     2
Armor: Leather armour    ||    11
       Ring mail         ||     8
Dodge: Dodged            ||    60

Table legend:
 A = Non-vault XP
 B = Vault XP
 C = Vault XP percentage of total XP
 D = Non-vault monster count
 E = Vault monster count
 F = Vault count percentage of total count
                 A         B        C        D         E       F
            +---------+---------+-------+---------+---------+-------
      Total |     107 |       0 |   0.0 |      32 |       0 |   0.0
            +---------+---------+-------+---------+---------+-------
        D:1 |      25 |       0 |   0.0 |      14 |       0 |   0.0
        D:2 |      65 |       0 |   0.0 |      14 |       0 |   0.0
        D:4 |      17 |       0 |   0.0 |       4 |       0 |   0.0
            +---------+---------+-------+---------+---------+-------
